 Dungeon Crawl Stone Soup version 0.31-a0-875-g02e7d12df6 (webtiles) character file.

Game seed: 15609030188891065268

36092 Xavori the Protected (level 13, -6/80 HPs)
             Began as a Vine Stalker Chaos Knight on Oct 12, 2023.
             Was a Plaything of Xom.
             Mangled by a skyshark (8 damage)
             ... on level 4 of the Lair of Beasts.
             The game lasted 00:23:08 (19494 turns).

Xavori the Protected (Vine Stalker Chaos Knight)   Turns: 19494, Time: 00:23:09

Health: -6/80      AC: 31    Str: 28    XL:     13   Next: 88%
Magic:  0/26       EV:  7    Int: 15    God:    Xom [......]
Gold:   190        SH:  5    Dex: 15    Spells: 29/29 levels left

rFire   + + .        L - +8 double sword "Utax" {holy, Str+2}
rCold   + . .        P - +0 buckler {AC+3}
rNeg    + . .        q - +4 gold dragon scales
rPois   +            y - +1 hat
rElec   .            (no cloak)
rCorr   .            D - +0 pair of gloves
SInv    .            p - +0 pair of boots
Will    +....        (no amulet) Stlth
                     r - ring of Qisch {rPois rF+ rN+ Str+6}
HPRegen 1.13/turn    g - ring of flight
MPRegen 0.20/turn

%: guardian spirit
@: flying, unable to read
A: fangs 3, regeneration 1, magic shield, antimagic bite, no potion heal 2,
antennae 1, talons 1, iridescent scales 1, clever 1, poison resistance, robust
2, strong 1, wild magic 1, evolution 1, inability to read after injury 1
a: Renounce Religion


You were on level 4 of the Lair of Beasts.
You worshipped Xom.
You were a very special plaything of Xom.
You visited 2 branches of the dungeon, and saw 15 of its levels.
You also visited: Sewer.

You collected 1042 gold pieces.
You spent 852 gold pieces at shops.

Inventory:

Hand Weapons
 e - a +5 dagger of venom
 L - the +8 double sword "Utax" (weapon) {holy, Str+2}
   (You bought it in a shop on level 10 of the Dungeon)

   Str+2:     It affects your strength (+2).
 M - a +1 scimitar of flaming
Missiles
 C - 10 curare-tipped darts (quivered)
 K - a throwing net
Armour
 p - a +0 pair of boots (worn)
 q - +4 gold dragon scales (worn)
 y - a +1 hat (worn)
 D - a +0 pair of gloves (worn)
 P - a +0 buckler of protection (worn)
Jewellery
 f - a ring of willpower
 g - a ring of flight (right hand)
 o - a ring of positive energy
 r - the ring of Qisch (left hand) {rPois rF+ rN+ Str+6}
   (You found it on level 1 of the Lair of Beasts)

   [ring of strength]

   Str+6:     It affects your strength (+6).
   rF+:       It protects you from fire.
   rPois:     It protects you from poison rN+: It protects you from negative
   energy.
Talismans
 G - a beast talisman
Wands
 k - a wand of flame (23)
 s - a wand of roots (6)
 B - a wand of charming (19)
 F - a wand of digging (4)
 I - a wand of quicksilver (1)
Scrolls
 a - a scroll of silence
 b - a scroll of torment {unknown}
 c - a scroll of butterflies
 d - 4 scrolls of teleportation
 i - 4 scrolls of noise
 n - 2 scrolls of vulnerability
 v - a scroll of enchant weapon
 w - 2 scrolls of fog
 z - a scroll of blinking
 H - a scroll of immolation
 J - a scroll of fear
Potions
 h - 4 potions of enlightenment
 j - a potion of berserk rage
 l - 3 potions of brilliance
 m - 2 potions of cancellation
 t - 7 potions of curing
 u - a potion of attraction {unknown}
 x - 3 potions of mutation
 E - a potion of invisibility {unknown}
 N - 2 potions of lignification {unknown}
 O - 4 potions of ambrosia


   Skills:
 + Level 7.4 Fighting
 - Level 7.2(9.1) Short Blades
 + Level 8.6(9.8) Long Blades
 * Level 11.1 Armour
 - Level 4.8 Dodging
 - Level 2.3 Stealth
 - Level 2.9 Shields
 * Level 8.8 Spellcasting
 * Level 5.8 Evocations
 - Level 4.6 Shapeshifting


You had 29 spell levels left.
You didn't know any spells.
Your spell library contained the following spells:

 Spells                   Type           Power      Damage    Failure   Level
 Sandblast                Erth           16%        2d6       99%         1
 Slow                     Hex            32%        N/A       99%         1
 Summon Small Mammal      Summ           32%        N/A       99%         1
 Cigotuvi's Dreadful Rot  Necr/Pois/Air  16%        N/A       100%        2
 Passwall                 Tmut/Erth      6%         N/A       100%        2
 Sublimation of Blood     Necr           8%         N/A       100%        2
 Call Canine Familiar     Summ           8%         N/A       100%        3
 Confusing Touch          Hex            8%         N/A       100%        3
 Hailstorm                Conj/Ice       8%         3d4       100%        3
 Sigil of Binding         Hex            8%         N/A       100%        3
 Stone Arrow              Conj/Erth      16%        3d8       100%        3
 Summon Guardian Golem    Hex/Summ       8%         N/A       100%        3
 Tukima's Dance           Hex            8%         N/A       100%        3
 Vampiric Draining        Necr           8%         2d6       100%        3
 Brom's Barrelling Bould  Conj/Erth      8%         2d3       100%        4
 Leda's Liquefaction      Hex/Erth       4%         N/A       100%        4
 Petrify                  Tmut/Erth      8%         N/A       100%        4
 Summon Ice Beast         Ice/Summ       8%         N/A       100%        4
 Alistair's Intoxication  Tmut/Pois      5%         N/A       100%        5
 Freezing Cloud           Conj/Ice/Air   4%         6-21      100%        5
 Irradiate                Conj/Tmut      4%         3d13      100%        5
 Iskenderun's Battlesphe  Conj           8%         2d6       100%        5
 Lee's Rapid Deconstruct  Erth           4%         3d5*      100%        5
 Bombard                  Conj/Erth      4%         9d2       100%        6
 Simulacrum               Ice/Necr       4%         N/A       100%        6
 Spellforged Servitor     Conj/Summ      4%         N/A       100%        7
 Discord                  Hex            4%         N/A       100%        8


Dungeon Overview and Level Annotations

Branches:
Dungeon (11/15)            Temple (0/1) D:7            Lair (4/5) D:9
  Swamp (0/4) Lair:3        Snake (0/4) Lair:3        Slime (0/5) Lair:4
  Sewer (visited)
    Orc: D:9-12

Altars:
Ashenzari
Cheibriados
Fedhas
Makhleb
Uskayaw
Vehumet
Wu Jian
Xom
The Shining One

Shops:
D:7 *   D:10 (   D:11 *

Annotations:
D:3 2 transporters, Sundig's ghost, amateur MiFi
Lair:3 1 runed translucent door, GigaChad's ghost, journeyman FoFi


Innate Abilities, Weirdness & Mutations

You have razor-sharp teeth.
Your natural rate of healing is unusually fast.
When hurt, damage is shared between your health and your magic reserves.
Your bite disrupts and absorbs the magic of your enemies.
Potions cannot restore your health.
You have a pair of small antennae on your head.
You have sharp toenails.
You are partially covered in iridescent scales. (AC +2)
Your mind is acute. (Int +4, Str/Dex -1)
Your system is resistant to poisons. (rPois)
You are very robust. (+20% HP)
Your muscles are strong. (Str +4, Int/Dex -1)
Your spells are a little harder to cast, but a little more powerful.
You have hidden genetic potential.
You occasionally lose the ability to read scrolls when taking damage.


Message History

Unknown command.
You hit the skyshark.
You bite the skyshark, but do no damage.
The skyshark is heavily wounded.
The skyshark bites you!
The skyshark tail-slaps you but does no damage. x2
The skyshark bites you!
You feel threatened and lose the ability to read scrolls!
The skyshark tail-slaps you but does no damage.
The skyshark barely misses you.
You are too injured to fight recklessly!
You are too injured to fight recklessly!
Unknown command.
You hit the skyshark. Your bite misses the skyshark.
The skyshark is heavily wounded.
The skyshark bites you. The skyshark tail-slaps you.
The skyshark tail-slaps you but does no damage.
You hit the skyshark. Your bite misses the skyshark.
The skyshark is heavily wounded.
The skyshark bites you!
* * * LOW HITPOINT WARNING * * *
The skyshark tail-slaps you but does no damage.
The skyshark barely misses you. The skyshark bites you!
* * * LOW HITPOINT WARNING * * *
The skyshark tail-slaps you but does no damage. x2
You slash the skyshark!
The skyshark is severely wounded.
The skyshark bites you.
* * * LOW HITPOINT WARNING * * *
You block the skyshark's attack.
The skyshark tail-slaps you but does no damage.
You hit the skyshark but do no damage.
The skyshark is severely wounded.
You block the skyshark's attack. x2
The skyshark tail-slaps you but does no damage.
The skyshark bites you!
* * * LOW HITPOINT WARNING * * *
The skyshark tail-slaps you!
You die...
Xom howls with laughter!

...... .##. ..... .#..
#...# #... ##.8.# .#
##?.# #....####..##. .
#.... #......##...#. ..#
#<.8###..<..##.8.<#.
#..#.l..##.....###.....
#....@#.#.....##...#..
#...#...###†8...#......
##...#....#........##..
......#.P..†............
..P.# ##....†.....#.....
.#.. #P.#...†...##.....
... #..###†..##.......
.. ..... #.8..........
...........#....[...


You could see a skyshark (berserk).

Vanquished Creatures
  A tentacled starspawn (Lair:1)
  5 hydras
  Erica (D:11)
  2 two-headed ogres (D:10)
  A boulder beetle (Lair:3)
  A tengu warrior (D:10)
  Urug (D:11)
  A fire crab (shapeshifter) (Lair:3)
  A skyshark (Lair:3)
  2 cyclopes (D:11)
  A salamander (Lair:2)
  8 elephants
  4 black mambas
  6 cane toads
  Joseph (D:8)
  Maggie (D:10)
  10 komodo dragons
  An unseen horror (D:11)
  3 rime drakes
  A queen bee (Lair:1)
  A troll (Lair:3)
  2 polar bears (Lair:1)
  4 blink frogs (Lair:2)
  A slime creature (Lair:4)
  4 dream sheep (Lair:4)
  3 wyverns
  31 yaks
  A wraith (D:10)
  A human (Lair:1)
  A fire bat (D:5)
  A hog (shapeshifter) (Lair:2)
  8 vampire mosquitoes
  3 basilisks
  A steam dragon (D:10)
  2 nagas (Lair:3)
  An acid dragon (D:11)
  7 water moccasins
  Pargi (Sewer)
  A sky beast (D:5)
  4 black bears
  2 ice beasts
  3 orc warriors
  An ogre (D:5)
  6 centaurs
  3 wolves (Lair:1)
  A phantom (D:5)
  2 kobold brigands
  13 bullfrogs
  3 scorpions
  26 killer bees
  3 howler monkeys (D:11)
  An orc priest (D:3)
  4 hounds
  3 jellies
  3 sleepcaps
  8 iguanas
  7 orc wizards
  Natasha (thrice) (D:2)
  9 adders
  A shadow imp (D:6)
  2 white imps
  2 worms
  A worm (shapeshifter) (D:10)
  A dart slug (D:4)
  25 orcs
  4 bats
  8 endoplasms
  5 giant cockroaches
  7 goblins
  4 hobgoblins
  8 jackals
  5 quokkas
  5 ball pythons
  7 frilled lizards
  17 kobolds
  6 rats
339 creatures vanquished.

Vanquished Creatures (collateral kills)
  4 yaks (Lair:1)
  A naga (Lair:3)
  2 black bears
  A hound (D:6)
  3 gnolls (D:6)
  An ufetubus (D:6)
  4 orcs (D:6)
16 creatures vanquished.

Vanquished Creatures (others)
  A komodo dragon (Lair:2)
  2 yaks (Lair:1)
  2 starspawn tentacles (Lair:1)
5 creatures vanquished.

Grand Total: 360 creatures vanquished

Notes
Turn   | Place    | Note
-------+----------+-------------------------------------------
     0 | D:1      | Xavori the Vine Stalker Chaos Knight began the quest for
                  | the Orb.
     0 | D:1      | Reached XP level 1. HP: 11/11 MP: 2/2
   365 | D:1      | Reached XP level 2. HP: 16/16 MP: 3/3
   501 | D:1      | XOM: silly message
   570 | D:1      | XOM: silly message
   672 | D:1      | XOM: noise
  2054 | D:1      | XOM: divination: detect items
  2424 | D:1      | XOM: give mutations
  2424 | D:1      | Gained mutation: You are dopey. (Int -2) [Xom's mischief]
  2424 | D:1      | Gained mutation: Your body sometimes deteriorates upon
                  | taking damage. [Xom's mischief]
  2424 | D:1      | Gained mutation: You occasionally lose the ability to read
                  | scrolls when taking damage. [Xom's mischief]
  2665 | D:1      | XOM: draining
  3364 | D:1      | XOM: give mutations
  3364 | D:1      | Gained mutation: Your spells are a little harder to cast,
                  | but a little more powerful. [Xom's mischief]
  3364 | D:1      | Gained mutation: You are occasionally teleported next to
                  | monsters. [Xom's mischief]
  3469 | D:1      | XOM: 2-stop teleportation journey
  3657 | D:1      | XOM: give mutations
  3657 | D:1      | Gained mutation: You have a somewhat thin skeletal
                  | structure. (Dex +2, Stealth+) [Xom's grace]
  3657 | D:1      | Gained mutation: You are partially covered in large bone
                  | plates. (SH +4) [Xom's grace]
  3697 | D:1      | XOM is BORED!
  4275 | D:1      | XOM: give mutation
  4275 | D:1      | Gained mutation: You are agile. (Dex +4, Str/Int -1) [Xom's
                  | grace]
  5371 | D:1      | XOM is BORED!
  5513 | D:1      | XOM: summons 2 hostile demons
  5514 | D:1      | Noticed a crimson imp
  5562 | D:2      | Noticed Natasha
  5570 | D:2      | Killed Natasha
  5571 | D:2      | Reached skill level 2 in Armour
  5571 | D:2      | Reached skill level 1 in Stealth
  5571 | D:2      | Reached skill level 1 in Spellcasting
  5571 | D:2      | Reached XP level 3. HP: 11/20 MP: 3/5
  6170 | D:1      | XOM: give mutations
  6170 | D:1      | Gained mutation: You are vulnerable to cold. (rC-) [Xom's
                  | mischief]
  6170 | D:1      | Lost mutation: You are vulnerable to cold. (rC-) [Xom's
                  | mischief]
  6170 | D:1      | Lost mutation: Your body sometimes deteriorates upon taking
                  | damage. [Xom's mischief]
  6170 | D:1      | Gained mutation: You expend magic power (3 MP) to
                  | strengthen your wands. [Xom's mischief]
  7124 | D:2      | Noticed Natasha
  7219 | D:2      | XOM: 1-stop teleportation journey
  7230 | D:2      | XOM: give mutations
  7230 | D:2      | Gained mutation: You are vulnerable to cold. (rC-) [Xom's
                  | mischief]
  7230 | D:2      | Gained mutation: You are strong-willed. (Will+) [Xom's
                  | mischief]
  7234 | D:2      | Found an ornate altar of the Wu Jian Council.
  7239 | D:2      | Reached XP level 4. HP: 24/24 MP: 4/6
  7250 | D:2      | XOM: give mutations
  7250 | D:2      | Lost mutation: You are occasionally teleported next to
                  | monsters. [Xom's mischief]
  7250 | D:2      | Lost mutation: You are vulnerable to cold. (rC-) [Xom's
                  | mischief]
  7328 | D:2      | XOM: 1-stop teleportation journey
  7333 | D:2      | XOM: silly message
  7339 | D:2      | Killed Natasha
  7490 | D:2      | Noticed Natasha
  7493 | D:2      | XOM: fog
  7500 | D:2      | Killed Natasha
  7501 | D:2      | Reached XP level 5. HP: 19/28 MP: 5/8
  7735 | D:3      | Found a burning altar of Makhleb.
  7850 | D:3      | Reached skill level 1 in Dodging
  7912 | D:3      | Found a transporter.
  7953 | D:3      | Found a radiant altar of Vehumet.
  7998 | D:3      | XOM: god gift: 25 gold pieces
  8007 | D:3      | XOM: 3-stop teleportation journey
  8055 | D:3      | XOM: torment (18/28 hp)
  8181 | D:3      | Noticed Sundig's ghost (amateur MiFi)
  8181 | D:3      | Identified the +6 great mace of Fundamental Breach {heavy,
                  | rC+}
  8181 | D:3      | Noticed an ogre
  8185 | D:3      | Found a transporter.
  8186 | D:3      | Noticed an ogre
  8312 | D:3      | Reached XP level 6. HP: 32/32 MP: 10/10
  8336 | D:3      | Found a blossoming altar of Fedhas.
  8882 | D:4      | XOM: smoke on damage
  8884 | D:4      | Found a broken altar of Ashenzari.
  8884 | D:4      | XOM: 1-stop teleportation journey
  8893 | D:4      | XOM: give mutations
  8893 | D:4      | Lost mutation: You have a somewhat thin skeletal structure.
                  | (Dex +2, Stealth+) [Xom's mischief]
  8893 | D:4      | Lost mutation: You are dopey. (Int -2) [Xom's mischief]
  8912 | D:4      | XOM: summons 1 hostile shadow creature
  9041 | D:4      | Reached skill level 3 in Armour
  9067 | D:4      | Noticed a black bear
  9076 | D:4      | Killed a black bear
  9148 | D:4      | Reached skill level 1 in Shields
  9165 | D:4      | Reached XP level 7. HP: 36/36 MP: 10/12
  9594 | D:4      | XOM: give mutation
  9594 | D:4      | Lost mutation: You are strong-willed. (Will+) [Xom's
                  | mischief]
  9643 | D:4      | XOM: give mutations
  9643 | D:4      | Gained mutation: You have hidden genetic potential. [Xom's
                  | grace]
  9643 | D:4      | Gained mutation: You are partially covered in iridescent
                  | scales. (AC +2) [Xom's grace]
  9643 | D:4      | Gained mutation: You are robust. (+10% HP) [Xom's grace]
  9643 | D:4      | Gained mutation: Your skin changes colour to match your
                  | surroundings (Stealth+). [Xom's grace]
  9670 | D:5      | Entered Level 5 of the Dungeon
  9736 | D:5      | XOM: noise
  9755 | D:5      | a scorpion changed into a fire bat
  9755 | D:5      | Noticed a fire bat
  9755 | D:5      | XOM: polymorph scorpion -> fire bat
  9772 | D:5      | Killed a fire bat
  9773 | D:5      | Reached skill level 4 in Armour
 10078 | D:5      | Found a glowing drain.
 10098 | Sewer    | Entered a sewer
 10116 | Sewer    | XOM: divination: magic mapping
 10119 | Sewer    | Noticed Pargi
 10124 | Sewer    | Killed Pargi
 10125 | Sewer    | Gained mutation: You have razor-sharp teeth. [Vine Stalker
                  | growth]
 10125 | Sewer    | Reached XP level 8. HP: 46/46 MP: 14/14
 10126 | Sewer    | XOM: enchant monster (bad)
 10134 | Sewer    | Gained mutation: Your mind is acute. (Int +4, Str/Dex -1)
                  | [hidden potential]
 10372 | D:5      | XOM: smoke on damage
 10412 | D:5      | Reached skill level 5 in Armour
 10421 | D:5      | XOM: confuse monster(s)
 10442 | D:5      | Reached skill level 5 in Short Blades
 10465 | D:5      | XOM: cleaving
 10608 | D:5      | Found a glowing golden altar of the Shining One.
 10799 | D:6      | Reached skill level 6 in Armour
 10799 | D:6      | Reached XP level 9. HP: 41/49 MP: 13/16
 10807 | D:6      | Gained mutation: You are very robust. (+20% HP) [hidden
                  | potential]
 10807 | D:6      | Lost mutation: You have hidden genetic potential. [hidden
                  | potential expressed]
 10924 | D:4      | XOM: give mutation
 10924 | D:4      | Gained mutation: Your muscles are strong. (Str +4, Int/Dex
                  | -1) [Xom's grace]
 11021 | D:3      | XOM: god gift: staff of death
 11067 | D:5      | XOM: cloud trail
 11156 | D:7      | XOM: give mutations
 11156 | D:7      | Lost mutation: You are partially covered in large bone
                  | plates. (SH +4) [Xom's mischief]
 11156 | D:7      | Lost mutation: Your skin changes colour to match your
                  | surroundings (Stealth+). [Xom's mischief]
 11180 | D:7      | XOM: smoke on damage
 11217 | D:7      | XOM: cast spell 'Summon Mana Viper'
 11292 | D:7      | Found Ruemuun's General Store.
 11522 | D:7      | Found a staircase to the Ecumenical Temple.
 11567 | D:7      | Reached skill level 5 in Spellcasting
 11665 | D:7      | XOM: divination: detect creatures
 11748 | D:7      | Found a snail-covered altar of Cheibriados.
 11954 | D:8      | XOM: 2-stop teleportation journey
 11983 | D:8      | Reached skill level 7 in Armour
 12095 | D:8      | Noticed Joseph
 12106 | D:8      | XOM: cast spell 'Call Canine Familiar'
 12112 | D:8      | XOM: cleaving
 12113 | D:8      | XOM: confusion (+ monsters)
 12114 | D:8      | XOM: 3-stop teleportation journey
 12205 | D:8      | XOM: summons 2 friendly demons
 12218 | D:8      | Reached XP level 10. HP: 61/61 MP: 19/19
 12323 | D:8      | Found a hide-covered altar of Uskayaw.
 12508 | D:8      | XOM: divination: detect items
 12530 | D:8      | Killed Joseph
 12559 | D:8      | XOM: cloud trail
 12661 | D:8      | XOM: cloud trail
 12730 | D:8      | XOM: god gift: 47 gold pieces
 12862 | D:9      | XOM: stat loss: -1 Int (13/14)
 12879 | D:9      | XOM: confuse monster(s)
 12883 | D:9      | XOM: confuse monster(s)
 12922 | D:9      | Found a staircase to the Lair.
 12939 | D:9      | XOM: enchant monster (good)
 12961 | D:9      | Reached skill level 5 in Fighting
 13360 | D:9      | XOM: enchant monster (good)
 13364 | D:9      | XOM: noise
 13380 | D:9      | Reached skill level 8 in Armour
 13380 | D:9      | XOM: potion effect (haste)
 13396 | D:9      | XOM: confusion
 13442 | D:9      | XOM: torment (39/61 hp)
 13468 | D:9      | XOM: 4-stop teleportation journey
 13611 | D:9      | Found a shimmering altar of Xom.
 13798 | D:10     | Entered Level 10 of the Dungeon
 13828 | D:10     | Reached skill level 1 in Evocations
 13833 | D:10     | Reached skill level 1 in Shapeshifting
 13843 | D:10     | XOM: cleaving
 13846 | D:10     | XOM: swap monsters
 13884 | D:10     | Got a sooty book
 13964 | D:10     | Noticed a two-headed ogre
 13964 | D:10     | XOM: 3-stop teleportation journey
 13971 | D:10     | XOM: torment (26/61 hp)
 13979 | D:10     | Killed a two-headed ogre
 14075 | D:10     | XOM: summons 7 friendly demons
 14077 | D:10     | XOM: divination: magic mapping
 14221 | D:10     | Found an ornate altar of the Wu Jian Council.
 14231 | D:10     | Noticed Maggie
 14258 | D:10     | Killed Maggie
 14259 | D:10     | Reached XP level 11. HP: 56/67 MP: 17/21
 14266 | D:10     | XOM: draining
 14287 | D:10     | XOM: enchant monster (bad)
 14353 | D:10     | Found Ykkuxea's Antique Weapon Emporium.
 14360 | D:10     | Bought a masterwork double sword for 680 gold pieces
 14360 | D:10     | Identified the +8 double sword "Utax" {holy, Str+2} (You
                  | bought it in a shop on level 10 of the Dungeon)
 14379 | D:10     | Noticed a two-headed ogre
 14382 | D:10     | XOM: noise
 14386 | D:10     | Killed a two-headed ogre
 14387 | D:10     | Reached skill level 9 in Armour
 14446 | D:10     | Noticed a tengu warrior
 14453 | D:10     | XOM: noise
 14460 | D:10     | Killed a tengu warrior
 14857 | D:11     | XOM: noise
 14858 | D:11     | Noticed a cyclops
 14866 | D:11     | Killed a cyclops
 14867 | D:11     | Reached skill level 1 in Long Blades
 14881 | D:11     | Noticed a cyclops
 14889 | D:11     | Killed a cyclops
 15006 | D:11     | XOM: 3-stop teleportation journey
 15180 | D:11     | Noticed Erica
 15180 | D:11     | XOM: scenery: 2 doors close
 15188 | D:11     | Killed Erica
 15264 | D:11     | Noticed Urug
 15429 | D:11     | XOM: cast spell 'Cause Fear'
 15437 | D:11     | Killed Urug
 15583 | D:11     | Found Pizxaewo's General Store.
 15619 | D:11     | XOM: divination: detect items
 15810 | Lair:1   | Entered Level 1 of the Lair of Beasts
 15838 | Lair:1   | XOM: summons 8 friendly demons
 15875 | Lair:1   | XOM: divine lightning
 15924 | Lair:1   | XOM: divine lightning
 15939 | Lair:1   | XOM: 6-stop teleportation journey
 15952 | Lair:1   | Reached XP level 12. HP: 9/72 MP: 3/23
 16021 | Lair:1   | XOM: 8-stop teleportation journey
 16187 | Lair:1   | XOM: scenery: summon butterflies
 16367 | Lair:1   | XOM: summons friendly rust devil
 16374 | Lair:1   | Reached skill level 10 in Armour
 16597 | Lair:1   | XOM: give mutations
 16597 | Lair:1   | Gained mutation: You have sharp toenails. [Xom's grace]
 16597 | Lair:1   | Gained mutation: You have hidden genetic potential. [Xom's
                  | grace]
 16728 | Lair:1   | XOM: noise
 16731 | Lair:1   | Reached skill level 5 in Long Blades
 16904 | Lair:1   | Found a runed translucent door.
 16938 | Lair:1   | Noticed a tentacled starspawn
 16948 | Lair:1   | Killed a tentacled starspawn
 16953 | Lair:1   | Identified the ring of Qisch {rPois rF+ rN+ Str+6}
 17064 | Lair:2   | XOM: 3-stop teleportation journey
 17127 | Lair:2   | XOM: fog
 17156 | Lair:2   | XOM: 1-stop teleportation journey
 17192 | Lair:2   | XOM: polymorph blink frog -> shapeshifter
 17200 | Lair:2   | XOM: chaos cloud
 17224 | Lair:2   | XOM: silly message
 17315 | Lair:2   | Got an uncut book
 17397 | Lair:2   | XOM: give mutations
 17397 | Lair:2   | Lost mutation: You expend magic power (3 MP) to strengthen
                  | your wands. [Xom's mischief]
 17397 | Lair:2   | Lost mutation: You are agile. (Dex +4, Str/Int -1) [Xom's
                  | mischief]
 17397 | Lair:2   | Gained mutation: You have a pair of small antennae on your
                  | head. [Xom's mischief]
 17442 | Lair:2   | XOM: enchant monster (good)
 17444 | Lair:2   | XOM: 1-stop teleportation journey
 17648 | Lair:2   | XOM: polymorph yak -> salamander
 17659 | Lair:2   | XOM: enchant monster (good)
 17700 | Lair:2   | XOM: cloud trail
 17746 | Lair:2   | XOM: scenery: 1 doors open, 2 doors close
 17821 | Lair:2   | XOM: divine lightning
 17935 | D:11     | Bought a +0 buckler of protection for 172 gold pieces
 18042 | Lair:3   | Noticed a skyshark
 18052 | Lair:3   | Killed a skyshark
 18053 | Lair:3   | Reached XP level 13. HP: 67/78 MP: 20/25
 18299 | Lair:3   | XOM: summons friendly shadow imp
 18305 | Lair:3   | XOM: cleaving
 18327 | Lair:3   | XOM: polymorph polar bear -> shapeshifter
 18448 | Lair:3   | Reached skill level 5 in Evocations
 18451 | Lair:3   | Gained mutation: Your system is resistant to poisons.
                  | (rPois) [hidden potential]
 18532 | Lair:3   | Identified the +5 demon blade "Jaxuicahe" {venom, Int+8}
                  | (Xom gifted it to you on level 3 of the Lair of Beasts)
 18532 | Lair:3   | XOM: god gift: +5 demon blade "Jaxuicahe" {chaos, Int+8}
 18543 | Lair:3   | XOM: cleaving
 18546 | Lair:3   | XOM: cleaving
 18548 | Lair:3   | XOM: enchant monster (good)
 18563 | Lair:3   | Found a staircase to the Snake Pit.
 18570 | Lair:3   | XOM: destruction
 18593 | Lair:3   | XOM: silly message
 18594 | Lair:3   | XOM: cast spell 'Call Canine Familiar'
 18614 | Lair:3   | Found a staircase to the Swamp.
 18614 | Lair:3   | XOM: 3-stop teleportation journey
 18622 | Lair:3   | XOM: polymorph basilisk -> troll
 18627 | Lair:3   | XOM: divination: detect items
 18650 | Lair:3   | XOM: summons friendly ufetubus
 18655 | Lair:3   | XOM: enchant monster (good)
 18907 | Lair:3   | Found a runed translucent door.
 18907 | Lair:3   | Noticed GigaChad's ghost (journeyman FoFi)
 18949 | Lair:3   | XOM: summons 1 hostile shadow creature
 18969 | Lair:3   | XOM: smoke on damage
 19299 | Lair:4   | Found a snail-covered altar of Cheibriados.
 19324 | Lair:4   | XOM: potion effect (berserk rage)
 19326 | Lair:4   | Reached skill level 11 in Armour
 19328 | Lair:4   | XOM: potion effect (might)
 19329 | Lair:4   | XOM: enchant monster (good)
 19333 | Lair:4   | XOM: noise
 19344 | Lair:4   | XOM: cast spell 'Olgreb's Toxic Radiance'
 19347 | Lair:4   | XOM: cleaving
 19359 | Lair:3   | XOM: summons 4 hostile shadow creatures
 19364 | Lair:4   | Found a staircase to the Slime Pits.
 19378 | Lair:4   | XOM: polymorph torpor snail -> slime creature
 19494 | Lair:4   | HP: 2/80 [skyshark (12)]
 19494 | Lair:4   | Mangled by a skyshark

Illustrated notes

Levels and vault maps discovered:
D:1:      minmay_arrival_widening_spiral_narrow, layout_loops_ring
D:2:      layout_basic, basic_altar, uniq_natasha
D:3:      layout_basic, lemuel_round_altar, fedhas_altar_fruit_tree,
          nicolae_overflow_crystal_walls, gammafunk_ghost_smash,
          minmay_box_of_dots
D:4:      layout_basic, cheibrodos_ashenzari_chains
D:5:      layout_loops_ring, nicolae_tso_swordbearing_angel,
          portal_sewer_entry_f, minmay_pentangle
D:6:      layout_rooms, serial_shops, nicolae_shop_window_shopping
D:7:      layout_loops_cross, slow_altar_2, minmay_temple_entry_gardened_gates,
          chequers_serial_rivers_micro_a, nicolae_stop_n_shop_1, st_stairs_14
D:8:      layout_loops_ring, mainiacjoe_overflow_surrounded_room, uniq_joseph
D:9:      layout_cave_pools, xom_teletrap_fun, lair_entry_dummy
D:10:     layout_stronghold, kennysheep_mini_moat, serial_shops,
          nicolae_diamond_shop, kennysheep_nub, lightli_fourway_metalbox,
          uniq_maggie
D:11:     layout_gridville, serial_shops, shop, grunt_decor_arrowhead,
          minmay_holes, uniq_urug, uniq_erica
Lair:1:   layout_loops_ring, special_room [special_room_bee],
          pdpol_lair_cabin_in_the_woods, serial_bayou_shore_b
Lair:2:   layout_roguey
Lair:3:   beast_lair_carwin_large_4, layout_chaotic_city,
          minmay_swamp_entry_reptiles, minmay_snake_entry_guardpost_small,
          ebering_ghost_inner_flame
Lair:4:   layout_gridlike, slime_entry_1, portal_ice_cave_rime, basic_altar,
          grunt_megastairs_5

Skill      XL: |  1  2  3  4  5  6  7  8  9 10 11 12 13 |
---------------+----------------------------------------+-----
Fighting       | 3 4 5 6 7 |  7.4
Short Blades   | 3 4 5 6 7 |  7.2
Armour         | 2 3 4 6 7 8 9 10 11 | 11.1
Stealth        | 1 2 |  2.3
Spellcasting   | 1 2 3 4 5 6 7 8 |  8.8
Dodging        | 1 2 3 4 |  4.8
Shields        | 1 2 |  2.9
Evocations     | 1 3 4 5 |  5.8
Shapeshifting  | 1 3 4 |  4.6
Long Blades    | 3 6 8 |  8.6

Action                     |  1- 3 |  4- 6 |  7- 9 | 10-12 | 13-15 || total
---------------------------+-------+-------+-------+-------+-------++-------
  Melee: Short sword       |    72 |   192 |   214 |       |       ||   478
         Bite              |    10 |    49 |   141 |   218 |   114 ||   532
         Punch             |     1 |     3 |    12 |     9 |       ||    25
         Dagger            |       |       |   143 |   293 |       ||   436
         Double sword      |       |       |       |   340 |   231 ||   571
         Scimitar          |       |       |       |       |    29 ||    29
  Evoke: Wand              |       |       |     1 |    11 |     3 ||    15
    Use: Scroll            |       |     3 |     5 |    15 |     4 ||    27
         Potion            |       |       |       |     3 |     1 ||     4
   Stab: Sleeping          |     1 |     3 |       |       |       ||     4
         Paralysed         |     1 |       |       |     3 |       ||     4
         Confused          |       |     1 |     3 |       |       ||     4
         Distracted        |       |       |     1 |       |       ||     1
 Armour: Leather armour    |    46 |    52 |       |       |       ||    98
         Gold dragon scale |       |    77 |   401 |   970 |   504 ||  1952
  Dodge: Dodged            |    26 |    52 |    24 |   206 |   126 ||   434
  Block: Other             |     2 |    35 |    38 |       |       ||    75
         Buckler           |       |       |       |     2 |    92 ||    94

Table legend: (Time is in decaauts)
 A = Elapsed time spent in this place.
 B = Non-inter-level travel time spent in this place.
 C = Inter-level travel time spent in this place.
 D = Time resting spent in this place.
 E = Time spent auto-exploring this place.
 F = Levels seen in this place.
 G = Mean time per level.
                   A        B        C        D        E       F      G
               +--------+--------+--------+--------+--------+-----+--------+
         Total |  19367 |  17863 |   1504 |   6907 |   8032 |  16 | 1210.4 |
       Dungeon |  15549 |  14207 |   1342 |   6535 |   5826 |  11 | 1413.5 |
          Lair |   3615 |   3453 |    162 |    372 |   2072 |   4 |  903.8 |
         Sewer |    203 |    203 |      0 |      0 |    134 |   1 |  203.0 |
               +--------+--------+--------+--------+--------+-----+--------+

Top non-repeatable levels by time:
     D:1: 6996 daAuts
  Lair:1: 1289 daAuts
  Lair:3: 1262 daAuts
     D:4: 1136 daAuts
    D:10: 1088 daAuts
     D:5: 1005 daAuts
     D:3: 997 daAuts
    D:11: 994 daAuts
     D:8: 935 daAuts
     D:7: 848 daAuts
  Lair:2: 845 daAuts
     D:2: 772 daAuts
     D:9: 644 daAuts
  Lair:4: 218 daAuts
   Sewer: 203 daAuts
